 Dungeon Crawl Stone Soup version 0.22-a0-422-g9628fc87f1 (webtiles) character file.

40 MMallukka the Covered (level 3, 0/33 HPs)
             Began as a Hill Orc Fighter on May 23, 2018.
             Slain by a kobold (2 damage)
             ... on level 1 of the Dungeon.
             The game lasted 00:00:58 (120 turns).

MMallukka the Covered (Hill Orc Fighter)             Turns: 120, Time: 00:00:59

Health: 0/33       AC:  7    Str: 19    XL:     3   Next: 50%
Magic:  3/3        EV:  7    Int:  8    God:
Gold:   17         SH:  9    Dex: 10    Spells: 2/2 levels left

rFire    . . .     SeeInvis .   a - +0 long sword
rCold    . . .     Gourm    .   c - +0 shield
rNeg     . . .     Faith    .   b - +0 scale mail
rPois    .         Spirit   .   (no helmet)
rElec    .         Reflect  .   (no cloak)
rCorr    .         Harm     .   (no gloves)
MR       .....                  (no boots)
Stlth    ..........             (no amulet)
HPRegen  0.11/turn              (no ring)
MPRegen  0.08/turn              (no ring)

@: no status effects
A: no striking features
a: no special abilities


You were on level 1 of the Dungeon.
You were not hungry.

You visited 1 branch of the dungeon, and saw 1 of its levels.

You collected 17 gold pieces.

Inventory:

Hand Weapons
 a - a +0 long sword (weapon)
Armour
 b - a +0 scale mail (worn)
 c - a +0 shield (worn)
Potions
 d - a potion of might
Comestibles
 f - a ration
 g - 8 chunks of flesh


   Skills:
 + Level 3.9 Fighting
 + Level 2.4 Long Blades
 + Level 4.0 Armour
 + Level 3.9 Shields


You had 2 spell levels left.
You didn't know any spells.
Your spell library was empty.

Dungeon Overview and Level Annotations

Branches:
Dungeon (1/15)

Altars:


Message History

You block the kobold's attack. The dart slug launches a dart at you.
You block the slug dart. The bat hits you but does no damage.
The kobold hits you but does no damage.
The dart slug bites you but does no damage.
The bat hits you but does no damage. The kobold hits you.
* * * LOW HITPOINT WARNING * * *
The bat barely misses you. You block the dart slug's attack.
You block the bat's attack. You block the kobold's attack.
The bat hits you but does no damage. The kobold hits you but does no damage.
The bat closely misses you. You block the dart slug's attack.
The bat barely misses you. You block the kobold's attack.
The dart slug bites you but does no damage.
You block the bat's attack. You block the kobold's attack.
You block the bat's attack. You block the kobold's attack.
The bat closely misses you.
The dart slug bites you but does no damage.
The bat hits you but does no damage. You block the bat's attack.
The kobold hits you.
You die...

. ### . .. ##.##.#####
. #.#........ ..
.........#
#.##........# #
#..(.†b.....#
####.####†@w.....#
...........K.....#
###+#######'###......#
#..⌠...>...⌠..#......#
#......<......#.##....
+⌠....###.[..⌠+.. ...#
#.......÷.....#.# ...
#######÷#######.# ..
#.............#


You could see a dart slug, a bat and a kobold.

Vanquished Creatures
  6 oozes (D:1)
  A bat (D:1)
  4 jackals (D:1)
  5 rats (D:1)
16 creatures vanquished.

Notes
Turn   | Place    | Note
-------+----------+-------------------------------------------
     0 | D:1      | MMallukka the Hill Orc Fighter began the quest for the Orb.
     0 | D:1      | Reached XP level 1. HP: 19/19 MP: 1/1
     1 | D:1      | Found a runed door.
    31 | D:1      | Reached XP level 2. HP: 17/27 MP: 2/2
    38 | D:1      | Reached XP level 3. HP: 16/33 MP: 3/3
    40 | D:1      | Reached skill level 4 in Armour
   114 | D:1      | HP: 1/33 [kobold (3)]
   120 | D:1      | Slain by a kobold

Vault maps used:
D:1:      dpeg_arrival_caged_fury

Skill      XL: |  1  2  3 |
---------------+----------+-----
Armour         | 4 |  4.0
Fighting       | |  3.9
Long Blades    | |  2.4
Shields        | |  3.9

Action                   || total
-------------------------++-------
Melee: Long sword        ||    41
Armor: Scale mail        ||    82
Dodge: Dodged            ||    58
Block: Shield            ||    78
       Rpst.: Long sword ||    14

Table legend:
 A = Spawn XP
 B = Non-spawn XP
 C = Spawn XP percentage of total XP
 D = Spawn monster count
 E = Non-spawn monster count
 F = Spawn count percentage of total count
 G = Total turns spent on level
                    A         B        C        D         E        F      G
               +---------+---------+-------+---------+---------+-------+---------
         Total |       0 |      58 |   0.0 |       0 |      16 |   0.0 |   120
               +---------+---------+-------+---------+---------+-------+---------
           D:1 |       0 |      58 |   0.0 |       0 |      16 |   0.0 |   120
               +---------+---------+-------+---------+---------+-------+---------
